 Dungeon Crawl Stone Soup version 0.28.0 (webtiles) character file.

Game seed: 11264109228330786993

16 Jerry the Covered (level 2, 25/25 HPs)
             Began as a Demigod Fighter on Feb 9, 2022.
             Quit the game on level 1 of the Dungeon.
             The game lasted 00:01:11 (939 turns).

Jerry the Covered (Demigod Fighter)                  Turns: 939, Time: 00:01:11

Health: 25/25      AC:  6    Str: 17    XL:     2   Next: 27%
Magic:  4/4        EV:  9    Int: 10    God:
Gold:   32         SH:  4    Dex: 13    Spells: 1/1 levels left

rFire   . . .      SeeInvis .   a - +0 flail
rCold   . . .      Faith    .   c - +0 buckler
rNeg    . . .      Spirit   .   b - +0 scale mail
rPois   .          Reflect  .   (no helmet)
rElec   .          Harm     .   (no cloak)
rCorr   .          Rampage  .   (no gloves)
Will    .....                   (no boots)
Stlth   ..........              (no amulet)
HPRegen 0.08/turn               (no ring)
MPRegen 0.09/turn               (no ring)

@: no status effects
A: high MP 1, forlorn, divine attributes
a: no special abilities


You were on level 1 of the Dungeon.
You visited 1 branch of the dungeon, and saw 1 of its levels.

You collected 32 gold pieces.

Inventory:

Hand Weapons
 a - a +0 flail (weapon)
Armour
 b - a +0 scale mail (worn)
 c - a +0 buckler (worn)
Scrolls
 e - a scroll of identify {unknown}
 g - a scroll of teleportation {unknown}
Potions
 d - 2 potions of might
 f - a potion of ambrosia {unknown}


   Skills:
 + Level 2.9 Fighting
 + Level 2.1 Maces & Flails
 + Level 2.9 Armour
 + Level 2.9 Shields


You had one spell level left.
You didn't know any spells.
Your spell library was empty.

Dungeon Overview and Level Annotations

Branches:
Dungeon (1/15)


Innate Abilities, Weirdness & Mutations

You have an increased reservoir of magic. (+10% MP)
You shall have no god before yourself.
Your divine heritage dramatically boosts your attributes as you level up.


Message History

Found 14 arrows.
You see here 14 arrows.
A bat comes into view.
A bat is nearby!
The bat hits you but does no damage.
You hit the bat.
You kill the bat!
No target in view!
No target in view!
You see here a bat corpse.
A bat comes into view.
The bat hits you but does no damage. x2
The bat barely misses you.
Found a stone staircase leading down.
The bat hits you but does no damage. The bat closely misses you.
You miss the bat. The bat closely misses you. The bat barely misses you.
The bat closely misses you.
You hit the bat.
The bat is moderately wounded.
You block the bat's attack. The bat closely misses you. The bat hits you.
You thump the bat!
You kill the bat!
No target in view!
You see here a bat corpse.
There is a stone staircase leading down here.
You see here 28 stones.
d - 2 potions of might (gained 1)
You now have 32 gold pieces (gained 13).
You open the door.
There is an open door here.
There is an open door here.
Done exploring.
Done exploring.
Search for what [? for help]? .
Unknown command.
Are you sure you want to abandon this character and quit the game? (Confirm with "yes".)
Okay, then.
Unknown command.
Unknown command.
Are you sure you want to abandon this character and quit the game? (Confirm with "yes".)

#....#
##...######.########
#.##.# ##.## #.# #
..##.# #.# #)# #
#.##.###########.#
#.# ######
#.##.............#
#.# #.....
#.#######'########
#.# #.#### .##
#≈≈≈≈≈# #.# #.# ####
#≈≈≈≈≈###### #.# #.#
...# #≈≈≈≈≈#...@#
#.# #.# ##.#
#≈≈≈≈≈####.# #####.#
#.# ##.# ###+### #.#
#.....# #.# ##.#
#.#.# #.#
#.#######.### ##.#
#...# #.#
#...........#
##.#### ###.# #.#
#.#######.#.#
##....#####.# #.#
#.# #.....#.#
#####.......####.#
#.# #.#####.# #
#######...##.###.#
#.# #.#


There were no monsters in sight!

Vanquished Creatures
  3 endoplasms (D:1)
  A giant cockroach (D:1)
  2 hobgoblins (D:1)
  A kobold (D:1)
  A ball python (D:1)
  5 bats (D:1)
  A frilled lizard (D:1)
  A rat (D:1)
15 creatures vanquished.

Notes
Turn   | Place    | Note
-------+----------+-------------------------------------------
     0 | D:1      | Jerry the Demigod Fighter began the quest for the Orb.
     0 | D:1      | Reached XP level 1. HP: 18/18 MP: 3/3
   322 | D:1      | Reached XP level 2. HP: 12/25 MP: 4/4
   939 | D:1      | Quit the game

Illustrated notes

Levels and vault maps discovered:
D:1:      sevenhm_arrival_forest_fort_small_4, layout_loops_ring,
          chequers_serial_rivers_room_b

Skill      XL: |  1 |
---------------+----+-----
Maces & Flails | 2 |  2.1
Fighting       | |  2.9
Armour         | |  2.9
Shields        | |  2.9

Action                   || total
-------------------------++-------
Melee: Flail             ||    52
Armor: Scale mail        ||    30
Dodge: Dodged            ||    36
Block: Buckler           ||     9
